 Dungeon Crawl Stone Soup version 0.21-a0-522-ga8338f0 (webtiles) character file.

45 dvd the Shooter (level 3, -3/24 HPs)
             Began as an Octopode Hunter on Dec 6, 2017.
             Slain by Sigmund
             ... wielding a +0 scythe
              (10 damage)
             ... on level 2 of the Dungeon.
             The game lasted 00:02:49 (1174 turns).

dvd the Shooter (Octopode Hunter)                   Turns: 1174, Time: 00:02:50

Health: -3/24      AC:  1    Str: 12    XL:     3   Next: 64%
Magic:  3/3        EV: 13    Int: 13    God:
Gold:   71         SH:  0    Dex: 12    Spells: 2/2 levels left

rFire    . . .     SeeInvis +   a - +1 shortbow
rCold    . . .     Gourm    .   (shield currently unavailable)
rNeg     . . .     Faith    .   (helmet restricted)
rPois    .         Spirit   .   (no amulet)
rElec    .         Reflect  .   l - ring of see invisible
rCorr    .         Harm     .   m - ring of protection from magic
MR       +....                  (no ring)
Stlth    +++.......             (no ring)
HPRegen  0.08/turn              (no ring)
MPRegen  0.08/turn              (no ring)
                                (no ring)
                                (no ring)

@: no status effects
A: almost no armour, stealthy swim, amphibious, 8 rings, constrict 8, camouflage
1, gelatinous body 1
a: no special abilities


You were on level 2 of the Dungeon.
You were not hungry.

You visited 1 branch of the dungeon, and saw 2 of its levels.

You collected 71 gold pieces.

Inventory:

Hand Weapons
 a - a +1 shortbow (weapon)
 b - a +0 short sword
Missiles
 c - 5 arrows (quivered)
Jewellery
 l - a ring of see invisible (left tentacle)
 m - a ring of protection from magic (right tentacle)
Scrolls
 f - 3 scrolls of teleportation {unknown}
 g - a scroll of magic mapping {unknown}
 h - a scroll of identify {unknown}
 i - a scroll of amnesia {unknown}
 k - a scroll of random uselessness {unknown}
 n - a scroll of blinking {unknown}
 o - a scroll of enchant armour {unknown}
 r - a scroll of immolation {unknown}
Potions
 e - 2 potions of haste {unknown}
 j - a potion of brilliance {unknown}
Comestibles
 d - a bread ration
 p - a chunk of flesh
 q - a meat ration


   Skills:
 + Level 2.1 Fighting
 + Level 0.8 Short Blades
 + Level 4.7 Bows
 + Level 2.4 Dodging
 + Level 1.8 Stealth


You had 2 spell levels left.
You didn't know any spells.

Dungeon Overview and Level Annotations

Branches:
Dungeon (2/15)

Altars:

Annotations:
D:2 Sigmund


Innate Abilities, Weirdness & Mutations

You cannot wear most types of armour.
You are very stealthy in the water. (Stealth+)
You are amphibious.
You can wear up to eight rings at the same time.
You can use your tentacles to constrict eight enemies at once.
Your skin changes colour to match your surroundings (Stealth+).
Your rubbery body absorbs attacks. (AC +1, EV +1)


Message History

Firing (i - inventory):
c - 8 arrows (quivered)
Press: ? - help, Shift-Dir - straight line, f/p - Sigmund
Aim: Sigmund, wielding a scythe, wearing a robe and carrying a wand of digging (11) (heavily wounded)
You shoot an arrow. The arrow hits Sigmund.
Sigmund is severely wounded.
Sigmund hits you from afar with a scythe!
Ouch! That really hurt!
* * * LOW HITPOINT WARNING * * *
Firing (i - inventory):
c - 7 arrows (quivered)
Press: ? - help, Shift-Dir - straight line, f/p - Sigmund
Aim: Sigmund, wielding a scythe, wearing a robe and carrying a wand of digging (11) (severely wounded)
You shoot an arrow. The arrow closely misses Sigmund.
Sigmund closely misses you.
Firing (i - inventory):
c - 6 arrows (quivered)
Press: ? - help, Shift-Dir - straight line, f/p - Sigmund
Aim: Sigmund, wielding a scythe, wearing a robe and carrying a wand of digging (11) (severely wounded)
You shoot an arrow. The arrow hits Sigmund.
Sigmund is severely wounded.
Sigmund hits you from afar with a scythe!
You die...

#.# #.# ##.# #..#
#>## ### #.# #..
#.# ######..####
#.# ..........@##
#.#
######..#....####.#
#..#.@.......#
#..#(..#######
#..#(### #..(##
#(.# #(#


You could see Sigmund.

Vanquished Creatures
  An adder (D:2)
  2 leopard geckos
  5 bats (D:1)
  3 giant cockroaches (D:1)
  3 goblins (D:1)
  4 hobgoblins
  7 jackals
  A frilled lizard (D:1)
  3 kobolds
  A rat (D:1)
30 creatures vanquished.

Notes
Turn   | Place    | Note
-------+----------+-------------------------------------------
     0 | D:1      | dvd the Octopode Hunter began the quest for the Orb.
     0 | D:1      | Reached XP level 1. HP: 14/14 MP: 1/1
   372 | D:1      | Reached XP level 2. HP: 19/19 MP: 2/2
   695 | D:1      | Reached XP level 3. HP: 24/24 MP: 3/3
  1161 | D:2      | Noticed Sigmund
  1174 | D:2      | Slain by Sigmund

Vault maps used:
D:1:      matt_arrival_spirals
D:2:      uniq_sigmund

Action                   || total
-------------------------++-------
Melee: Short sword       ||    39
       Constrict         ||    11
       Tentacles         ||     8
 Fire: Shortbow          ||    43
 Stab: Sleeping          ||     1
  Eat: Chunk             ||     1
Armor: Skin              ||     3
Dodge: Dodged            ||    32

Table legend:
 A = Spawn XP
 B = Non-spawn XP
 C = Spawn XP percentage of total XP
 D = Spawn monster count
 E = Non-spawn monster count
 F = Spawn count percentage of total count
 G = Total turns spent on level
                    A         B        C        D         E        F      G
               +---------+---------+-------+---------+---------+-------+---------
         Total |       0 |      65 |   0.0 |       0 |      30 |   0.0 |  1174
               +---------+---------+-------+---------+---------+-------+---------
           D:1 |       0 |      44 |   0.0 |       0 |      25 |   0.0 |   892
           D:2 |       0 |      21 |   0.0 |       0 |       5 |   0.0 |   282
               +---------+---------+-------+---------+---------+-------+---------
